 Dungeon Crawl Stone Soup version 0.20.1-1-g8b1a95d (webtiles) character file.

23 tidbits the Insei (level 2, 0/22 HPs)
             Began as a Demigod Transmuter on Aug 11, 2017.
             Slain by a jackal (1 damage)
             ... on level 1 of the Dungeon.
             The game lasted 00:03:41 (349 turns).

tidbits the Insei (Demigod Transmuter)               Turns: 349, Time: 00:03:42

Health: 0/22       AC:  2    Str: 13    XL:     2   Next: 57%
Magic:  7/7        EV: 12    Int: 17    God:
Gold:   8          SH:  0    Dex: 16    Spells: 1/4 levels left

rFire    . . .     SeeInvis .     - Unarmed
rCold    . . .     Gourm    .   (no shield)
rNeg     . . .     Faith    .   h - +0 robe
rPois    .         Spirit   .   (no helmet)
rElec    .         Reflect  .   (no cloak)
rCorr    .         Harm     .   (no gloves)
MR       .....                  (no boots)
Stlth    ++........             (no amulet)
Regen    0.1/turn               (no ring)
MPRegen  0.1/turn               (no ring)

@: appendage
A: horns 2, high mp 1
a: End Transformation


You were on level 1 of the Dungeon.
You were not hungry.
You had grown temporary horns.
You visited 1 branch of the dungeon, and saw 2 of its levels.

You collected 8 gold pieces.

Inventory:

Hand Weapons
 b - a +0 hunting sling
Missiles
 a - 9 arrows
 f - 36 sling bullets
 i - 25 bolts
Armour
 h - a +0 robe (worn)
Wands
 k - a wand of random effects (26/48)
Scrolls
 g - 2 scrolls of identify {unknown}
 j - a scroll of blinking {unknown}
Books
 c - a book of Changes

   Spells                             Type                      Level
   a - Beastly Appendage              Transmutation                1
   b - Sticks to Snakes               Transmutation                2
   c - Spider Form                    Transmutation/Poison         3
   d - Ice Form                       Ice/Transmutation            4
   e - Blade Hands                    Transmutation                5
Comestibles
 d - 2 bread rations


   Skills:
 - Level 0.8 Fighting
 - Level 1.7 Dodging
 + Level 1.3 Stealth
 * Level 3.3 Unarmed Combat
 - Level 1.7 Spellcasting
 - Level 1.7 Transmutations


You had one spell level left.
You knew the following spells:

 Your Spells              Type           Power        Failure   Level  Hunger
e - Beastly Appendage     Tmut           #.....       10%         1    #......
k - Sticks to Snakes      Tmut           #.......     14%         2    ###....


Dungeon Overview and Level Annotations

Branches:
Dungeon (2/15)

Annotations:
D:2 Sigmund


Innate Abilities, Weirdness & Mutations

You have an increased reservoir of magic. (+10% MP)
You have a pair of horns on your head.


Message History

Casting: Beastly Appendage
Confirm with . or Enter, or press ? or * to list all spells.
You grow a pair of large bovine horns.
A frilled lizard and a jackal come into view.
The jackal barks!
Found a scroll labeled CEMUATRAISM.
A jackal comes into view.
You see here a scroll labeled CEMUATRAISM.
g - 2 scrolls labeled CEMUATRAISM (gained 1)
The jackal barks!
Your transformation is almost over.
Casting: Beastly Appendage
Confirm with . or Enter, or press ? or * to list all spells.
You create a snake!
You now have 9 arrows.
The jackal barely misses you.
Really attack while wielding your +0 hunting sling? [Y]es or [N]o only, please.
Really attack while wielding your +0 hunting sling?
Okay, then.
You are now empty-handed.
The jackal bites you.
Your ball python closely misses the jackal.
Your ball python misses the jackal.
The jackal barely misses you. The jackal barely misses you.
Your ball python closely misses the jackal.
Your ball python barely misses the jackal.
The jackal bites you but does no damage.
The jackal closely misses you.
The frilled lizard hisses angrily.
You hit the jackal but do no damage.
Your ball python closely misses the jackal.
Your ball python grabs the jackal.
Your ball python constricts the jackal.
The jackal closely misses you. The jackal bites you.
The jackal barks!
You hit the jackal.
You kill the jackal!
The jackal misses your ball python.
Sigmund the Dreaded comes into view.
He is wielding a scythe.
Okay, then.
You barely miss the jackal. The jackal barely misses you.
Your ball python closely misses the jackal.
Your ball python misses the jackal.
The jackal barely misses you.
Unknown command.
You miss the jackal.
Your ball python bites the jackal but does no damage.
Your ball python grabs the jackal.
Your ball python constricts the jackal.
The jackal bites you but does no damage.
Sigmund shouts!
You hit the jackal.
The jackal is almost dead.
Your ball python barely misses the jackal.
Your ball python constricts the jackal.
The jackal dies!
Sigmund casts a spell.
Sigmund flickers and vanishes!
Deactivating autopickup; reactivate with Ctrl-A.
Unknown command.
Your ball python barely misses the jackal.
Your ball python closely misses the jackal.
The jackal misses your ball python.
Your horns disappear.
The jackal barely misses your ball python.
The jackal bites your ball python.
Your ball python bites the jackal.
Your ball python grabs the jackal.
Your ball python constricts the jackal.
The jackal barely misses your ball python.
Your ball python bites the jackal but does no damage.
Your ball python constricts the jackal.
Something bites your ball python.
Your ball python dies!
The jackal bites you. The jackal bites you. The jackal barely misses you.
The jackal bites you.
* * * LOW HITPOINT WARNING * * *
The jackal bites you.
* * * LOW HITPOINT WARNING * * *
The jackal bites you.
* * * LOW HITPOINT WARNING * * *
There is a stone staircase leading up here.
The jackal misses you. x2
The jackal bites you but does no damage.
You climb upwards.
There is a stone staircase leading down here.
The jackal misses you. The jackal bites you.
* * * LOW HITPOINT WARNING * * *
The jackal barely misses you. x2
The jackal closely misses you.
Casting: Sticks to Snakes
Confirm with . or Enter, or press ? or * to list all spells.
You grow a pair of large bovine horns.
The jackal bites you.
* * * LOW HITPOINT WARNING * * *
The jackal bites you.
* * * LOW HITPOINT WARNING * * *
It was a potion of magic.
Magic courses through your body. The jackal bites you.
* * * LOW HITPOINT WARNING * * *
The jackal barely misses you.
You hit the jackal.
The jackal is heavily wounded.
The jackal bites you.
You die...

######### #.......#
####### #.......# #..hh.#
#.......# #####.###@#
#.......# #.......#.#
#.......#
#.......#.###.......######
#....>..'...'.............
#.......#.###.......######
#.......#.################
#.......#.##....# #...#
#########.##....# #...#
#.##....######...#


You could see 2 jackals.

Vanquished Creatures
  An adder (D:2)
  A leopard gecko (D:1)
  A giant cockroach (D:2)
  A goblin (D:1)
  A hobgoblin (D:1)
  A jackal (D:2)
  2 bats (D:1)
  A frilled lizard (D:1)
  2 kobolds (D:1)
  2 rats (D:1)
13 creatures vanquished.

Vanquished Creatures (collateral kills)
  A jackal (D:2)
1 creature vanquished.

Grand Total: 14 creatures vanquished

Notes
Turn   | Place    | Note
-------+----------+-------------------------------------------
     0 | D:1      | tidbits the Demigod Transmuter began the quest for the Orb.
     0 | D:1      | Reached XP level 1. HP: 15/15 MP: 5/5
    60 | D:1      | Reached skill level 3 in Unarmed Combat
    77 | D:2      | Reached skill level 1 in Stealth
    77 | D:2      | Reached XP level 2. HP: 14/22 MP: 5/7
    81 | D:2      | Learned a level 2 spell: Sticks to Snakes
   313 | D:2      | Noticed Sigmund
   345 | D:1      | HP: 2/22 [jackal (3)]
   349 | D:1      | Slain by a jackal

Skill      XL: |  1 |
---------------+----+-----
Unarmed Combat | 3 |  3.3
Stealth        | 1 |  1.3
Fighting       | |  0.8
Dodging        | |  1.7
Spellcasting   | |  1.7
Transmutations | |  1.7

Action                   || total
-------------------------++-------
Melee: Unarmed           ||    37
       Kick              ||     1
       Punch             ||     1
 Cast: Beastly Appendage ||    10
       Sticks to Snakes  ||     3
  Use: Potion            ||     1
 Stab: Sleeping          ||     2
       Distracted        ||     1
Armor: Robe              ||    10
Dodge: Dodged            ||    30

Table legend:
 A = Turns spent in this place as a percentage of turns spent in the entire game.
 B = Non-inter-level travel turns spent in this place as a percentage of non-inter-level travel turns spent in the entire game.
 C = Inter-level travel turns spent in this place as a percentage of turns spent in this place.
 D = Turns resting spent in this place as a percentage of non-inter-level travel turns spent in this place.
 E = Turns spent auto-exploring this place as a percentage of non-inter-level travel turns spent in this place.
 F = Non-inter-level travel turns spent in this place divided by the number of levels of this place that you've seen.
                   A       B       C       D       E      F
               +-------+-------+-------+-------+-------+----------------------
         Total | 100.0 | 100.0 |   0.0 |   0.0 |   0.0 | 164.0
       Dungeon | 100.0 | 100.0 |   0.0 |   0.0 |   0.0 | 164.0
               +-------+-------+-------+-------+-------+----------------------

Table legend:
 A = Kills in this place as a percentage of kills in entire the game.
 B = Kills by you in this place as a percentage of kills by you in the entire game.
 C = Kills by friends in this place as a percentage of kills by friends in the entire game.
 D = Other kills in this place as a percentage of other kills in the entire game.
 E = Experience gained in this place as a percentage of experience gained in the entire game.
 F = Experience gained in this place divided by the number of levels of this place that you have seen.
                   A       B       C       D       E      F
               +-------+-------+-------+-------+-------+----------------------
         Total | 100.0 | 100.0 | 100.0 |  -nan | 100.0 |  17.0
       Dungeon | 100.0 | 100.0 | 100.0 |  -nan | 100.0 |  17.0
               +-------+-------+-------+-------+-------+----------------------

Vault maps used:
D:1:      nicolae_arrival_washed_ashore
D:2:      marbit_many_paths, grunt_temple_overflow_open, first_bread,
          uniq_jessica, uniq_sigmund
